 Dungeon Crawl Stone Soup version 0.21.1-1-g345015f (webtiles) character file.

44748 chorionicmirror the Basher (level 13, -6/106 HPs)
             Began as a Demonspawn Abyssal Knight on June 24, 2018.
             Was the Champion of Lugonu.
             Mangled by a cyan ugly thing (14 damage)
             ... on level 15 of the Dungeon.
             The game lasted 02:06:03 (19813 turns).

chorionicmirror the Basher (DsAK)                  Turns: 19813, Time: 02:06:04

Health: -6/106     AC: 21    Str: 27    XL:     13   Next: 97%
Magic:  0/17       EV: 11    Int: 20    God:    Lugonu [******]
Gold:   1208       SH: 13    Dex: 19    Spells: 12/12 levels left

rFire    + . .     SeeInvis .   b - +6 flail (distort)
rCold    . . .     Gourm    .   q - +2 buckler
rNeg     + . .     Faith    .   P - +0 plate armour of Wisdom {rPois MR+ Str+6}
rPois    +         Spirit   +   Z - +2 hat of Leapfrog {rF+}
rElec    .         Reflect  +   o - +0 cloak
rCorr    .         Harm     .   h - +1 pair of gloves
MR       +....                  Q - +0 pair of boots
Stlth    ..........             X - +5 amulet of reflection
HPRegen  1.27/turn              H - +5 ring of strength
MPRegen  0.15/turn              L - +5 ring of intelligence

@: no status effects
A: horns 2, thin skeletal structure 3, negative energy resistance 1, powered by
death 1, 50% torment resistance, magic shield
a: Depart the Abyss, Bend Space, Banish, Corrupt, Enter the Abyss, Renounce
Religion


You were on level 15 of the Dungeon.
You worshipped Lugonu.
Lugonu was exalted by your worship.
You were not hungry.

You visited 2 branches of the dungeon, and saw 16 of its levels.
You visited the Abyss 2 times.
You also visited: Labyrinth, Sewer, Ossuary and Bailey.

You collected 1522 gold pieces.
You spent 314 gold pieces at shops.

Inventory:

Hand Weapons
 a - the +3 sling "Punk" {acid, rCorr}
   (You found it on level 5 of the Dungeon)

   It protects you from acid and corrosion.
 b - a +6 flail of distortion (weapon)
Missiles
 E - 288 stones (quivered)
Armour
 h - a +1 pair of gloves (worn)
 o - a +0 cloak (worn)
 q - a +2 buckler (worn)
 P - the +0 plate armour of Wisdom (worn) {rPois MR+ Str+6}
   (You found it in a bailey)

   It affects your strength (+6).
   It protects you from poison.
   It affects your resistance to hostile enchantments.
 Q - a +0 pair of boots (worn)
 Z - the +2 hat of Leapfrog (worn) {rF+}
   (You found it in a labyrinth)

   It protects you from fire.
Magical Staves
 V - an uncursed staff of death
Jewellery
 e - an uncursed ring of protection from fire {unknown}
 C - a cursed ring of loudness {unknown}
 H - a +5 ring of strength (left hand)
 L - a +5 ring of intelligence (right hand)
 S - a +3 ring of intelligence
 U - an uncursed ring of protection from fire {unknown}
 W - an uncursed ring of ice {unknown}
 X - a +5 amulet of reflection (around neck)
Wands
 l - a wand of paralysis (32)
 n - a wand of acid (17)
 v - a wand of digging (30)
 x - a wand of disintegration (9)
 B - a wand of iceblast (23)
Scrolls
 f - 2 scrolls of fear
 j - 5 scrolls of fog
 k - a scroll of blinking
 p - 4 scrolls of teleportation
 s - 2 scrolls of amnesia
 y - 2 scrolls of identify
 A - a scroll of enchant weapon
 D - 15 scrolls of remove curse
 F - a scroll of holy word
 K - 2 scrolls of magic mapping
 R - a scroll of enchant armour
 Y - 4 scrolls of immolation
Potions
 d - a potion of magic
 g - a potion of curing
 m - 3 potions of brilliance
 r - a potion of haste
 t - a potion of agility
 u - 2 potions of flight
 z - 2 potions of lignification
 G - a potion of resistance
 J - 5 potions of mutation
 M - 2 potions of invisibility
Miscellaneous
 N - a phial of floods
 O - a box of beasts
Comestibles
 c - 17 rations


   Skills:
 + Level 11.1 Fighting
 * Level 14.2 Maces & Flails
 - Level 4.1(5.0) Slings
 - Level 4.2(5.0) Throwing
 + Level 9.6 Armour
 - Level 5.0 Dodging
 - Level 2.0 Stealth
 - Level 4.8 Shields
 - Level 6.5 Invocations
 - Level 2.0 Evocations


You had 12 spell levels left.
You didn't know any spells.

Dungeon Overview and Level Annotations

Branches:
Dungeon (15/15)            Temple (0/1) D:5            Lair (0/6) D:10
    Orc (1/2) D:10         Vaults (0/5) D:14
 Depths: D:15

Altars:
Ashenzari
Elyvilon
Gozag
Makhleb
Okawaru
Qazlal
Sif Muna
Trog
Vehumet
Wu Jian
Xom
Yredelemnul
Beogh

Shops:
D:4 ?   D:9 }   D:14 ?


Innate Abilities, Weirdness & Mutations

You have a pair of horns on your head.
You have an unnaturally thin skeletal structure. (Dex +6, Stealth++)
You resist negative energy. (rN+)
You regenerate a little health from kills.
You are somewhat able to resist unholy torments (1 in 2 success).
When hurt, damage is shared between your health and your magic reserves.


Message History

You closely miss the purple ugly thing.
You kill the purple ugly thing!
Lugonu accepts your kill.
You sock the cyan ugly thing!
Space bends around the cyan ugly thing.
Your headbutt misses the cyan ugly thing.
The cyan ugly thing is lightly wounded.
The purple ugly thing basks in the mutagenic energy from its kin and changes!
You hit the cyan ugly thing. You headbutt the cyan ugly thing!
The cyan ugly thing is heavily wounded.
The cyan ugly thing blinks!
The cyan ugly thing gores you!
* * * LOW HITPOINT WARNING * * *
The cyan ugly thing shocks you!
* * * LOW HITPOINT WARNING * * *
You barely miss the cyan ugly thing.
The cyan ugly thing is heavily wounded.
The cyan ugly thing gores you.
* * * LOW HITPOINT WARNING * * *
The cyan ugly thing shocks you!
You die...

#.#..# # #.#..#
####.##.#..#
.....u.....#
###
#..)u..u##...##
#.#.u.CZ.......
#####
##.##.##...#
......#####u# #
.......u@†(.#
#############


You could see 2 ugly things.

Vanquished Creatures
  The ghost of appiemonkey the Spear-Bearer, a journeyman MiGl of Cheibriados (D:11)
  A minotaur (Lab)
  Erolcha (D:10)
  A hydra (D:14)
  A catoblepas (D:15)
  A centaur warrior (D:14)
  A tengu warrior (D:14)
  5 two-headed ogres
  The ghost of Hebeh the Cleaver, a novice MiFi of Trog (D:9)
  The ghost of Shutra the Skirmisher, a novice DrBe of Trog (D:7)
  A shadow wraith (D:14)
  6 unseen horrors
  An orc knight (Bailey)
  A lindwurm (D:14)
  An orc sorcerer (Orc:1)
  12 ugly things
  2 cyclopes
  A manticore (D:14)
  Maurice (D:13)
  Psyche (D:10)
  A guardian serpent (shapeshifter) (D:14)
  4 centaur zombies
  An orange demon (Abyss:2)
  2 gargoyles (D:11)
  A kobold demonologist (D:11)
  A komodo dragon (D:10)
  3 tengu conjurers
  3 trolls
  3 meliai (D:13)
  The ghost of sking99 the Ruffian, an amateur DrTm of Elyvilon (D:5)
  A minotaur skeleton (Lab)
  5 hippogriffs
  2 dream sheep (D:14)
  A meliai zombie (D:14)
  A ynoxinul (Abyss:2)
  2 shadows
  A wraith (D:12)
  A wyvern (D:14)
  A water elemental (D:14)
  A basilisk (Lab)
  18 yaks
  Grum (D:10)
  A golden eye (shapeshifter) (D:14)
  A steam dragon (D:11)
  2 neqoxecs (Abyss:2)
  3 hungry ghosts
  A warg (shapeshifter) (D:14)
  An acid dragon (D:15)
  2 wargs (Orc:1)
  A swamp worm (shapeshifter) (D:13)
  4 ice beasts
  3 sky beasts
  16 orc warriors
  An eye of draining (shapeshifter) (D:14)
  The ghost of Shutra the Ducker, an amateur MiHu (D:3)
  13 ogres
  A necrophage (D:6)
  9 centaurs
  2 crocodiles
  3 wolves (D:10)
  8 big kobolds
  14 bullfrogs
  A gnoll sergeant (D:11)
  3 scorpions
  8 killer bees
  11 wights
  2 howler monkeys (D:10)
  An electric eel (D:14)
  7 crimson imps
  5 bullfrog zombies
  11 orc priests
  4 hounds
  5 jellies
  5 centaur skeletons
  2 bullfrog skeletons
  A human zombie (Ossuary)
  Natasha (thrice) (D:2)
  4 iguanas
  9 orc wizards
  15 worker ants
  A big kobold zombie (Ossuary)
  5 mummies (Ossuary)
  A worker ant zombie (D:6)
  Robin (D:2)
  A howler monkey skeleton (D:6)
  11 gnolls
  3 river rats
  18 adders
  4 shadow imps
  An ooze (Sewer)
  An adder zombie (D:6)
  2 adder skeletons
  4 worms
  2 dart slugs
  4 leopard geckos
  71 orcs
  9 bats
  8 giant cockroaches
  12 goblins
  13 hobgoblins
  4 jackals (D:2)
  6 quokkas
  3 ball pythons
  2 frilled lizards
  A goblin zombie (Ossuary)
  19 kobolds
  4 kobold zombies (Ossuary)
  A leopard gecko skeleton (D:5)
  An orc zombie (Ossuary)
  2 quokka skeletons
  2 quokka zombies
  14 rats
511 creatures vanquished.

Vanquished Creatures (others)
  A vault guard (D:14)
  2 centaur warriors (D:14)
  An ogre (D:6)
  A centaur (D:14)
  2 plants (D:10)
7 creatures vanquished.

Grand Total: 518 creatures vanquished

Notes
Turn   | Place    | Note
-------+----------+-------------------------------------------
     0 | Abyss:1  | chorionicmirror the Demonspawn Abyssal Knight began the quest for the Orb.
     0 | Abyss:1  | Reached XP level 1. HP: 18/18 MP: 2/2
    77 | Abyss:1  | Noticed a small abomination
    77 | D:1      | Escaped the Abyss
   103 | D:1      | Reached skill level 2 in Maces & Flails
   177 | D:1      | Reached skill level 1 in Dodging
   177 | D:1      | Gained mutation: You have a pair of small horns on your head. [demonic ancestry]
   177 | D:1      | Reached XP level 2. HP: 16/24 MP: 3/3
   204 | D:1      | Reached * piety under Lugonu
   573 | D:1      | Gained mutation: You have a somewhat thin skeletal structure. (Dex +2, Stealth) [demonic ancestry]
   573 | D:1      | Reached XP level 3. HP: 29/29 MP: 4/4
  1493 | D:2      | Noticed Natasha
  1503 | D:2      | Killed Natasha
  1503 | D:2      | Gained mutation: When hurt, damage is shared between your health and your magic reserves. [demonic ancestry]
  1503 | D:2      | Reached XP level 4. HP: 21/35 MP: 6/6
  1673 | D:2      | Reached ** piety under Lugonu
  1680 | D:2      | Noticed Robin
  1702 | D:2      | Killed Robin
  1702 | D:2      | Reached skill level 1 in Throwing
  1827 | D:2      | Noticed a bullfrog
  1837 | D:2      | Killed a bullfrog
  1837 | D:2      | Reached skill level 3 in Maces & Flails
  1837 | D:2      | Gained mutation: You regenerate a little health from kills. [demonic ancestry]
  1837 | D:2      | Reached XP level 5. HP: 16/41 MP: 4/7
  2156 | D:2      | Noticed Natasha
  2167 | D:2      | Killed Natasha
  2743 | D:2      | Noticed Natasha
  2752 | D:2      | Killed Natasha
  2823 | D:3      | Gained mutation: You have a pair of horns on your head. [demonic ancestry]
  2823 | D:3      | Reached XP level 6. HP: 48/48 MP: 8/8
  2889 | D:3      | Noticed Shutra's ghost (amateur MiHu)
  2907 | D:3      | Killed Shutra's ghost
  3033 | D:3      | Found a glowing drain.
  3046 | Sewer    | Entered a sewer
  3168 | Sewer    | Reached skill level 4 in Maces & Flails
  3291 | Sewer    | Reached skill level 1 in Stealth
  3329 | Sewer    | Reached skill level 1 in Evocations
  3383 | Sewer    | Reached *** piety under Lugonu
  3383 | Sewer    | Reached XP level 7. HP: 46/54 MP: 9/9
  3674 | D:3      | Found a shattered altar of Ashenzari.
  3694 | D:3      | Found a burning altar of Makhleb.
  3771 | D:3      | Found an opulent altar of Gozag.
  4331 | D:4      | Found Yderock's Magic Scroll Shop.
  4350 | D:4      | Bought a scroll of immolation for 35 gold pieces
  4350 | D:4      | Bought a scroll of enchant weapon for 75 gold pieces
  4350 | D:4      | Bought a scroll of noise for 10 gold pieces
  4396 | D:4      | Reached skill level 5 in Maces & Flails
  4734 | D:5      | Entered Level 5 of the Dungeon
  4779 | D:5      | Found the +3 sling "Punk" {acid, rCorr}
  4994 | D:5      | Noticed sking99's ghost (amateur DrTm)
  5022 | D:5      | Killed sking99's ghost
  5022 | D:5      | Gained mutation: You have a moderately thin skeletal structure. (Dex +4, Stealth+) [demonic ancestry]
  5022 | D:5      | Reached XP level 8. HP: 31/61 MP: 5/11
  5071 | D:5      | Found a stormy altar of Qazlal.
  5078 | D:5      | Found a staircase to the Ecumenical Temple.
  5295 | D:5      | Noticed a rust devil
  5295 | D:5      | Noticed a rust devil
  5433 | D:6      | Reached skill level 1 in Slings
  5455 | D:6      | Reached skill level 1 in Shields
  5583 | D:6      | Found a white marble altar of Elyvilon.
  5724 | D:6      | Found a basalt altar of Yredelemnul.
  5732 | D:6      | Found a deep blue altar of Sif Muna.
  5819 | D:6      | Reached skill level 5 in Invocations
  6024 | D:7      | Reached **** piety under Lugonu
  6102 | D:7      | Reached skill level 6 in Maces & Flails
  6142 | D:7      | Gained mutation: You have an unnaturally thin skeletal structure. (Dex +6, Stealth++) [demonic ancestry]
  6142 | D:7      | Reached XP level 9. HP: 51/65 MP: 9/13
  6147 | D:7      | Noticed Shutra's ghost (novice DrBe)
  6190 | D:7      | Killed Shutra's ghost
  6906 | D:8      | Found a sand-covered staircase.
  6914 | D:8      | Reached skill level 7 in Maces & Flails
  6920 | D:8      | Reached skill level 5 in Fighting
  6948 | Ossuary  | Entered an ossuary
  7427 | D:8      | Found a shimmering altar of Xom.
  7699 | D:8      | Reached skill level 5 in Armour
  7699 | D:8      | Reached XP level 10. HP: 12/74 MP: 6/14
  8095 | D:8      | Killed an unseen horror
  8095 | D:8      | Reached skill level 8 in Maces & Flails
  8890 | D:9      | Found a bloodstained altar of Trog.
  9061 | D:9      | Reached ***** piety under Lugonu
  9098 | D:9      | Found an ornate altar of the Wu Jian Council.
  9100 | D:9      | Noticed Hebeh's ghost (novice MiFi)
  9108 | D:9      | Killed Hebeh's ghost
  9142 | D:9      | Found an iron altar of Okawaru.
  9156 | D:9      | Reached skill level 9 in Maces & Flails
  9165 | D:9      | Found a flagged portal.
  9175 | Bailey   | Entered a bailey
  9430 | Bailey   | Noticed an orc knight
  9440 | Bailey   | Killed an orc knight
  9495 | Bailey   | Got an encrusted plate armour
  9540 | Bailey   | Identified the +0 plate armour of Wisdom {rPois MR+ Str+6} (You found it in a bailey)
  9717 | D:9      | Found Malef's Gadget Shoppe.
  9803 | D:10     | Entered Level 10 of the Dungeon
  9819 | D:10     | Found a staircase to the Orcish Mines.
  9820 | D:10     | Noticed a two-headed ogre
  9821 | D:10     | Noticed Grum
  9825 | D:10     | Noticed Erolcha
  9836 | D:10     | Cast into level 2 of the Abyss (Erolcha)
  9998 | Abyss:2  | Noticed an orange demon
 10010 | Abyss:2  | Killed an orange demon
 10010 | Abyss:2  | Reached skill level 5 in Dodging
 10010 | Abyss:2  | Gained mutation: You resist negative energy. (rN+) [demonic ancestry]
 10010 | Abyss:2  | Reached XP level 11. HP: 63/84 MP: 11/15
 10058 | Abyss:2  | Noticed a spatial maelstrom
 10062 | D:10     | Escaped the Abyss
 10472 | D:10     | Noticed Psyche
 10478 | D:10     | Killed Psyche
 10604 | D:10     | Killed Erolcha
 10709 | D:10     | Reached skill level 10 in Maces & Flails
 10719 | D:10     | Killed Grum
 10949 | D:10     | Found a roughly hewn altar of Beogh.
 11003 | D:10     | Killed a two-headed ogre
 11050 | D:10     | Found a staircase to the Lair.
 11180 | Orc:1    | Entered Level 1 of the Orcish Mines
 11436 | Orc:1    | Noticed an orc sorcerer
 11441 | Orc:1    | Killed an orc sorcerer
 12094 | D:11     | Reached skill level 11 in Maces & Flails
 12241 | D:11     | Gained mutation: You are somewhat able to resist unholy torments (1 in 2 success). [demonic ancestry]
 12241 | D:11     | Reached XP level 12. HP: 94/94 MP: 16/16
 12371 | D:11     | Noticed a two-headed ogre
 12373 | D:11     | Killed a two-headed ogre
 12409 | D:11     | Noticed appiemonkey's ghost (journeyman MiGl)
 12501 | D:11     | Killed appiemonkey's ghost
 13232 | D:12     | Noticed a two-headed ogre
 13238 | D:12     | Killed a two-headed ogre
 13672 | D:12     | Reached skill level 12 in Maces & Flails
 14061 | D:13     | Found a labyrinth entrance.
 14074 | Lab      | Entered a labyrinth
 14551 | Lab      | Reached ****** piety under Lugonu
 16123 | Lab      | Noticed a minotaur
 16134 | Lab      | Killed a minotaur
 16141 | Lab      | Got a transparent hunting sling
 16141 | Lab      | Got a bloodstained hat
 16147 | Lab      | Identified the +2 hat of Leapfrog {rF+} (You found it in a labyrinth)
 16147 | Lab      | Identified the +6 hunting sling "Zeem" {venom, *Corrode +Fly rElec Stlth+} (You found it in a labyrinth)
 16839 | D:13     | Reached XP level 13. HP: 103/103 MP: 17/17
 17039 | D:13     | Noticed Maurice
 17048 | D:13     | Killed Maurice
 17048 | D:13     | Reached skill level 10 in Fighting
 17486 | D:14     | Reached skill level 13 in Maces & Flails
 17735 | D:14     | Identified a +6 flail of distortion (a +4 flail of crushing corrupted by Lugonu)
 17735 | D:14     | Received a gift from Lugonu
 18606 | D:14     | Found a radiant altar of Vehumet.
 18792 | D:14     | Reached skill level 14 in Maces & Flails
 18801 | D:14     | Found a gate to the Vaults.
 18918 | D:14     | Found Futhuroam's Magic Scroll Emporium.
 18921 | D:14     | Bought a scroll of torment for 97 gold pieces
 18921 | D:14     | Bought a scroll of holy word for 97 gold pieces
 19700 | D:15     | Entered Level 15 of the Dungeon
 19753 | D:15     | Noticed a minotaur
 19753 | D:15     | an ice dragon changed into a minotaur
 19754 | D:15     | Noticed a fire dragon
 19754 | D:15     | a minotaur changed into a fire dragon
 19813 | D:15     | Mangled by a cyan ugly thing

Skill      XL: |  1  2  3  4  5  6  7  8  9 10 11 12 13 |
---------------+----------------------------------------+-----
Maces & Flails | 2 3 4 5 6 7 9 11 12 14 | 14.2
Armour         | 2 3 4 5 6 8 9 |  9.6
Dodging        | 1 2 5 |  5.0
Throwing       | 1 2 3 4 |  4.2
Invocations    | 3 4 5 6 |  6.5
Stealth        | 1 2 |  2.0
Evocations     | 1 2 |  2.0
Fighting       | 4 5 7 8 9 11 | 11.1
Slings         | 2 4 |  4.1
Shields        | 3 4 |  4.8

Action                   |  1- 3 |  4- 6 |  7- 9 | 10-12 | 13-15 || total
-------------------------+-------+-------+-------+-------+-------++-------
Melee: Mace              |    83 |   178 |   102 |       |       ||   363
       Headbutt          |     3 |    24 |    46 |   127 |    48 ||   248
       Morningstar       |       |       |   119 |   116 |       ||   235
       Flail             |       |       |       |   324 |   167 ||   491
       Fustibalus        |       |       |       |     1 |     1 ||     2
 Fire: Fustibalus        |       |       |   138 |   407 |   103 ||   648
Throw: Tomahawk          |    44 |   102 |    68 |       |       ||   214
       Throwing net      |       |       |       |     2 |       ||     2
Invok: Depart the Abyss  |     1 |       |       |     1 |       ||     2
       Bend Space        |       |     1 |       |     6 |     4 ||    11
       Brand Weapon With |       |       |       |       |     1 ||     1
Evoke: Wand              |       |       |       |       |     4 ||     4
  Use: Scroll            |     3 |     4 |    13 |    12 |     2 ||    34
       Potion            |       |     2 |     9 |     6 |     6 ||    23
 Stab: Sleeping          |       |       |     2 |       |       ||     2
       Distracted        |       |       |     1 |       |       ||     1
       Petrifying        |       |       |       |       |     1 ||     1
       Petrified         |       |       |       |       |     1 ||     1
  Eat: Chunk             |     2 |     3 |     5 |     7 |     2 ||    19
       Ration            |       |     1 |     3 |     7 |     2 ||    13
Armor: Leather armour    |    16 |       |       |       |       ||    16
       Ring mail         |    20 |    77 |   105 |    27 |       ||   229
       Skin              |       |       |    29 |    24 |    30 ||    83
       Plate armour      |       |       |       |   183 |    97 ||   280
Dodge: Dodged            |    52 |   104 |    95 |   209 |    56 ||   516
Block: Buckler           |       |       |    44 |   221 |    81 ||   346
       Reflection        |       |       |       |     5 |    15 ||    20
